AoeStats
← Mycorrhizal

Arena

508738230Analyzed
4v4 RM · 8d ago on Sep 23, 2026· 72m 40s· 8 players
Game mode
Random Map
Map size
Large (8 player)
Population
200
Speed
Normal
Resources
Standard
Victory
Conquest
Starting age
Dark Age
Ending age
Imperial Age
RankedLock teamsTeams togetherTeam positionsShared explorationLock speedFull tech treeHidden civsTurbo modeCheats
Victory
Defeat
🇬🇧 Danes · United Kingdom
1497
+15
🇧🇷 Britons · Brazil
1470
+16
🇨🇦 Ethiopians · Canada
1428
+18
🇪🇨 Tatars · Ecuador
1392
+19
🇦🇷 Varangians · Argentina
1586
-21
🇪🇸 Danes · Spain
1453
-16
🇦🇷 Bohemians · Argentina
1431
-16
🇦🇷 Cumans · Argentina
1426
-15
GGINDU
9:34 Feudal Age
10:33 Double-Bit Axe
12:37 Horse Collar
18:47 Wheelbarrow
20:49 Castle Age
18:41 Loom
20:37 Scale Barding Armor
20:42 Forging
21:37 Capped Ram
23:30 Bloodlines
25:24 Iron Casting
29:13 Bow Saw
29:49 Heavy Plow
30:59 Padded Archer Armor
31:20 Chain Barding Armor
34:30 Imperial Age
32:19 Hand Cart
35:22 Leather Archer Armor
36:23 Conscription
36:10 Cuman Mercenaries
37:23 Chemistry
36:18 Cavalier
38:35 Ballistics
38:50 Ring Archer Armor
39:12 Elite Kipchak
40:10 Light Cavalry
40:49 Paladin
42:41 Plate Barding Armor
43:06 Blast Furnace
53:20 Elite Skirmisher
53:49 Hussar
55:34 Fletching
58:05 Bodkin Arrow
zhengyifan2003
10:25 Feudal Age
14:00 Castle Age
11:48 Double-Bit Axe
12:13 Horse Collar
15:09 Bow Saw
15:02 Heavy Plow
15:29 Loom
21:18 Wheelbarrow
23:21 Hand Cart
26:07 Gold Mining
28:58 Imperial Age
26:48 Stone Mining
27:33 Gold Shaft Mining
28:15 Masonry
29:28 Stone Shaft Mining
30:04 Conscription
29:17 Onager
29:21 Northmen's Fury
31:28 Chemistry
30:51 Siege Engineers
31:08 Hamask
31:18 Siege Onager
47:30 Forging
47:20 Scale Mail Armor
47:26 Hamask
48:55 Iron Casting
48:59 Ballistics
48:53 Careening
48:44 Fletching
49:37 Hoardings
49:37 Bodkin Arrow
50:03 Chain Mail Armor
49:51 Padded Archer Armor
49:51 Murder Holes
49:28 Elite Jomsviking
51:30 Blast Furnace
50:32 Bracer
51:38 Plate Mail Armor
51:44 Plate Mail Armor
51:44 Leather Archer Armor
55:10 Squires
54:56 Gambesons
54:34 Pikeman
55:43 Halberdier
58:48 Arson
61:19 Town Watch
72:04 Caravan
71:54 Elite Varangian Guard
Karlak
11:19 Feudal Age
15:02 Castle Age
12:51 Double-Bit Axe
13:04 Horse Collar
16:02 Bow Saw
17:36 Wheelbarrow
19:08 Fervor
18:57 Loom
29:15 Imperial Age
28:23 Chemistry
28:14 Padded Archer Armor
27:41 Pikeman
29:13 Leather Archer Armor
29:35 Scale Mail Armor
30:20 Conscription
31:17 Wagenburg Tactics
31:44 Chain Mail Armor
34:21 Ring Archer Armor
34:18 Elite Skirmisher
34:49 Fletching
37:09 Siege Engineers
37:25 Ballistics
39:44 Masonry
39:52 Houfnice
47:31 Husbandry
46:51 Cavalier
47:28 Bodkin Arrow
47:39 Scale Barding Armor
47:45 Forging
47:52 Hand Cart
51:50 Bracer
54:28 Fortified Wall
59:04 Man-at-Arms
59:45 Squires
60:23 Iron Casting
60:00 Long Swordsman
65:05 Two-Handed Swordsman
67:52 Town Watch
DS_Good bye
5:03 Loom
10:46 Feudal Age
11:54 Double-Bit Axe
14:31 Castle Age
12:29 Horse Collar
16:02 Bow Saw
21:47 Wheelbarrow
22:40 Gold Mining
23:29 Hand Cart
23:51 Stone Mining
25:29 Heavy Plow
26:28 Stone Shaft Mining
25:43 Town Watch
28:53 Imperial Age
27:01 Forging
28:15 Scale Barding Armor
29:15 Iron Casting
30:06 Chain Barding Armor
30:12 Chain Barding Armor
31:53 Blast Furnace
31:08 Husbandry
31:05 Gothikon
32:12 Conscription
32:27 Bloodlines
33:01 Plate Barding Armor
32:03 Light Cavalry
33:52 Two-Man Saw
33:57 Hussar
34:48 Fletching
36:02 Chemistry
36:58 Masonry
36:44 Elite Jarl
38:57 Architecture
38:48 Ballistics
38:46 Cavalier
41:35 Bodkin Arrow
46:02 Squires
46:11 Arson
46:32 Scale Mail Armor
46:35 Gambesons
46:15 Elite Varangian Guard
48:44 Chain Mail Armor
50:19 Plate Mail Armor
51:18 Crop Rotation
58:17 Bracer
Mycorrhizal
9:55 Feudal Age
13:44 Castle Age
11:42 Double-Bit Axe
12:00 Horse Collar
14:38 Bow Saw
14:31 Heavy Plow
19:22 Loom
20:14 Wheelbarrow
20:59 Town Watch
21:25 Gold Mining
22:31 Scale Mail Armor
22:46 Stone Mining
27:37 Imperial Age
26:05 Chain Mail Armor
26:10 Squires
26:47 Masonry
27:18 Forging
27:31 Fletching
29:27 Chemistry
29:03 Conscription
28:58 Crossbowman
29:35 Bodkin Arrow
30:09 Thumb Ring
31:31 Two-Man Saw
30:46 Bracer
30:47 Padded Archer Armor
30:50 Arbalester
32:32 Leather Archer Armor
33:04 Gold Shaft Mining
34:24 Ballistics
34:35 Architecture
33:56 Halberdier
35:14 Ring Archer Armor
36:49 Capped Ram
37:54 Torsion Engines
38:45 Coinage
38:15 Siege Ram
42:09 Banking
41:50 Guilds
41:53 Siege Engineers
46:12 Plate Mail Armor
46:18 Iron Casting
51:07 Blast Furnace
59:00 Hand Cart
59:31 Elite Skirmisher
Not the letter N
11:42 Feudal Age
12:41 Horse Collar
12:52 Double-Bit Axe
15:19 Castle Age
16:33 Heavy Plow
16:44 Bow Saw
17:11 Wheelbarrow
22:06 Gold Mining
22:33 Hand Cart
24:01 Scale Mail Armor
24:11 Forging
24:06 Squires
23:52 Gambesons
23:52 Arson
26:36 Chain Mail Armor
27:38 Iron Casting
27:46 Arson
29:16 Town Watch
33:03 Imperial Age
30:36 Town Patrol
30:23 Loom
33:08 Elite Varangian Guard
34:19 Plate Mail Armor
35:16 Blast Furnace
34:13 Onager
37:27 Chemistry
36:32 Siege Engineers
35:57 Pikeman
37:14 Stone Mining
38:06 Gold Shaft Mining
37:50 Siege Onager
38:05 Halberdier
38:23 Halberdier
41:13 Conscription
40:20 Siege Onager
43:46 Northmen's Fury
50:56 Hoardings
58:08 Caravan
61:53 Masonry
61:31 Arrowslits
63:26 Fletching
66:06 Bodkin Arrow
67:52 Capped Ram
68:46 Siege Ram
69:57 Bracer
KOF ELGRANKUSKING
10:37 Feudal Age
15:12 Castle Age
13:36 Double-Bit Axe
13:56 Horse Collar
16:13 Bow Saw
17:00 Heavy Plow
20:37 Loom
22:45 Wheelbarrow
23:04 Pikeman
25:59 Forging
26:11 Scale Mail Armor
26:19 Squires
27:38 Hand Cart
27:09 Town Watch
27:51 Gold Mining
28:24 Stone Mining
32:03 Imperial Age
30:23 Gold Shaft Mining
30:55 Scale Barding Armor
31:26 Iron Casting
31:16 Bloodlines
31:07 Husbandry
31:25 Fletching
32:11 Iron Casting
31:59 Chain Barding Armor
32:20 Bodkin Arrow
33:42 Plate Barding Armor
34:09 Blast Furnace
32:43 Elite Steppe Lancer
33:59 Conscription
34:40 Bracer
36:32 Light Cavalry
37:32 Hussar
38:40 Elite Keshik
39:25 Silk Armor
40:07 Timurid Siegecraft
44:37 Crop Rotation
45:54 Heavy Camel Rider
47:16 Padded Archer Armor
48:27 Chemistry
47:47 Ballistics
47:38 Masonry
47:41 Fortified Wall
50:27 Murder Holes
GAX | Gabasco
10:29 Feudal Age
14:30 Castle Age
12:33 Horse Collar
13:33 Loom
14:08 Double-Bit Axe
15:35 Bow Saw
15:46 Heavy Plow
15:48 Loom
16:46 Stone Mining
23:25 Gold Mining
25:06 Gold Shaft Mining
26:05 Wheelbarrow
29:29 Imperial Age
27:11 Fletching
26:54 Crossbowman
27:58 Ballistics
28:05 Bodkin Arrow
28:10 Padded Archer Armor
28:10 Murder Holes
29:59 Yeomen
29:10 Pikeman
29:50 Squires
30:07 Leather Archer Armor
29:55 Arbalester
30:43 Bracer
30:44 Scale Mail Armor
30:54 Forging
31:57 Chemistry
33:12 Halberdier
33:33 Elite Skirmisher
34:19 Caravan
37:04 Two-Man Saw
36:40 Conscription
41:53 Chain Mail Armor
42:09 Ring Archer Armor
42:15 Iron Casting
42:41 Warwolf
47:18 Hand Cart
51:03 Plate Mail Armor
51:34 Blast Furnace
55:28 Scale Barding Armor
55:27 Capped Ram
57:59 Coinage
57:40 Guilds
68:24 Town Watch
Connection lost

Rejoining the realm…

Still unreachable

The connection could not be restored.

Session expired

The server has moved on; the page needs a fresh start.